 Dungeon Sprint DCSS version 0.29.1-12-g30fa7ad0bf (webtiles) character file.

Game seed: 11474614145163290100

12078 boopmooplesden the Shatterer (level 11, -3/124 HPs)
             Began as a Minotaur Berserker on Dec 13, 2022.
             Was the Champion of Trog.
             Slain by an orc high priest
             ... wielding a +0 glaive
              (8 damage)
             ... in the Dungeon (Sprint IX: "|||||||||||||||||||||||||||||").
             The game lasted 00:03:21 (2043 turns).

boopmooplesden the Shatterer (Minotaur Berserker)   Turns: 2043, Time: 00:03:22

Health: -3/124     AC:  7    Str: 28    XL:     11   Next: 57%
Magic:  3/10       EV: 12    Int:  7    God:    Trog [******]
Gold:   674        SH:  0    Dex: 11    Spells: 10/10 levels left

rFire   . . .      SeeInvis .   r - +3 great mace (flame)
rCold   . . .      Faith    .   (shield currently unavailable)
rNeg    . . .      Spirit   .   x - +0 plate armour
rPois   .          Reflect  .   (helmet restricted)
rElec   .          Harm     .   (no cloak)
rCorr   .          Rampage  .   m - +0 pair of gloves
Will    .....      NoTele   +   n - +0 pair of boots
Stlth   ..........              (no amulet)
HPRegen 0.30/turn               p - +3 ring of strength
MPRegen 0.12/turn               q - +3 ring of intelligence

@: corroded, on berserk cooldown, slowed, studying Shields, very slow
A: horns 2, retaliatory headbutt
a: Renounce Religion, Berserk, Trog's Hand, Brothers in Arms


You were in the Dungeon.
You worshipped Trog.
Trog was exalted by your worship.
You visited 1 branch You collected 674 gold pieces.

Inventory:

Hand Weapons
 a - a +0 mace
 i - a +0 mace of holy wrath
 l - a +2 vorpal dire flail
 r - a +3 great mace of flaming (weapon)
Armour
 b - a +0 animal skin
 m - a +0 pair of gloves (worn)
 n - a +0 pair of boots (worn)
 o - a +1 scale mail
 w - a +0 pair of boots
 x - a +0 plate armour (worn)
Jewellery
 p - a +3 ring of strength (left hand)
 q - a +3 ring of intelligence (right hand)
Wands
 k - a wand of iceblast (10)
Scrolls
 h - 3 scrolls of blinking
 t - 4 scrolls of enchant armour
 u - a scroll of fear
 v - a scroll of identify
Potions
 c - 8 potions of curing
 d - 2 potions of heal wounds
 e - a potion of haste
 f - 4 potions of magic
 g - 2 potions of berserk rage
 j - a potion of invisibility
 s - a potion of might


   Skills:
 + Level 20.1 Fighting
 + Level 21.3 Maces & Flails
 + Level 13.7 Armour
 + Level 11.5 Dodging
 + Level 2.4 Stealth


You had 10 spell levels left.
You didn't know any spells.
Your spell library was empty.

Dungeon Overview and Level Annotations

Branches:
Dungeon (1/1)

Altars:
Cheibriados
Dithmenos
Elyvilon
Fedhas
Gozag
Hepliaklqana
Kikubaaqudgha
Makhleb
Nemelex Xobeh
Okawaru
Qazlal
Ru
Sif Muna
Trog
Uskayaw
Vehumet
Wu Jian
Xom
Yredelemnul
Zin
The Shining One
Jiyva
Lugonu


Innate Abilities, Weirdness & Mutations

You have a pair of horns on your head.
You reflexively headbutt those who attack you in melee.


Message History

* * * LOW HITPOINT WARNING * * *
Things that are here:
a +0 glaive; 50 gold pieces; an orc corpse You feel much better.
The orc warrior hits you from afar with a +0 trident!
* * * LOW HITPOINT WARNING * * *
The orc high priest hits you with a +0 glaive.
* * * LOW HITPOINT WARNING * * *
The chaos spawn hits you.
* * * LOW HITPOINT WARNING * * *
The chaos spawn freezes you!
* * * LOW HITPOINT WARNING * * *
You feel much better.
The orc high priest hits you with a +0 glaive.
* * * LOW HITPOINT WARNING * * *
The orc warrior hits you from afar with a +0 trident.
* * * LOW HITPOINT WARNING * * *
The chaos spawn completely misses you.
The orc warrior hits you but does no damage.
The orc high priest barely misses you. The chaos spawn hits you!
* * * LOW HITPOINT WARNING * * *
You feel much better.
The orc high priest mumbles some strange prayers to Beogh. x2
The orc warrior hits you from afar with a +0 trident!
* * * LOW HITPOINT WARNING * * *
The chaos spawn gores you.
* * * LOW HITPOINT WARNING * * *
You feel your power leaking away.
Your cyclops goes berserk!
The orc high priest mumbles some strange prayers to Beogh.
Send 'em back where they came from!
Trog shields your ally from puny magic! The orc warrior closely misses you.
The chaos spawn gores you.
* * * LOW HITPOINT WARNING * * *
The chaos spawn freezes you!
* * * LOW HITPOINT WARNING * * *
The orc warrior hits you from afar with a +0 trident!
* * * LOW HITPOINT WARNING * * *
The orc high priest hits you with a +0 glaive!
You die...

▓.▓.▓.▓_▓
▓o▓.▓.▓.▓_▓
▓o▓.▓.▓.▓_▓
▓o▓.▓.▓.▓_▓
▓o▓)▓†▓.▓_▓
▓o▓.▓)▓.▓_▓
▓o▓)▓.▓.▓_▓
▓o▓.▓†▓.▓_▓
▓@▓.▓'▓.▓_▓
▓4▓.▓.▓.▓_▓
▓C▓.▓.▓.▓_▓
▓)▓.▓.▓.▓_▓
▓)▓.▓.▓.▓_▓
▓.▓.▓.▓.▓_▓
▓.▓.▓†▓.▓_▓
▓.▓.▓)▓.▓_▓
▓.▓.▓.▓.▓_▓


You could see 2 orc high priests, a chaos spawn (summoned, ally target), 4 orc
warriors, an orc and a friendly cyclops (summoned, berserk).

Vanquished Creatures
  Josephine (D)
  A hydra (D)
  A two-headed ogre (D)
  A centaur warrior (D)
  An orc high priest (D)
  3 lindwurms (D)
  3 orc knights (D)
  An oklob plant (D)
  A cyclops (D)
  A black mamba (D)
  2 cane toads (D)
  2 rime drakes (D)
  An unseen horror (D)
  3 komodo dragons (D)
  A troll (D)
  A hornet (D)
  A tyrant leech (D)
  A blink frog (D)
  A vampire (D)
  6 wraiths (D)
  3 yaks (D)
  A wyvern (D)
  A vampire mosquito (D)
  A water moccasin (D)
  An orc warrior (D)
  An ice beast (D)
  2 bullfrogs (D)
  A howler monkey (D)
  A hound (D)
  2 orc priests (D)
  2 orc wizards (D)
  A hell rat (D)
  2 adders (D)
  4 worms (D)
  9 orcs (D)
  A bat (D)
  A goblin (D)
  3 kobolds (D)
70 creatures vanquished.

Notes
Turn   | Place    | Note
-------+----------+-------------------------------------------
     0 | D        | boopmooplesden the Minotaur Berserker began the quest for
                  | the Orb.
     0 | D        | Reached XP level 1. HP: 19/19 MP: 0/0
     6 | D        | Reached skill level 4 in Maces & Flails
     7 | D        | Reached ** piety under Trog
    16 | D        | Noticed an ice beast
    16 | D        | Noticed a hound
    24 | D        | Killed a hound
    25 | D        | Reached skill level 5 in Maces & Flails
    25 | D        | Reached XP level 2. HP: 30/30 MP: 1/1
    25 | D        | Reached XP level 3. HP: 37/37 MP: 2/2
    28 | D        | Reached *** piety under Trog
    29 | D        | Reached skill level 6 in Maces & Flails
    31 | D        | Killed an ice beast
    32 | D        | Reached skill level 8 in Maces & Flails
    32 | D        | Reached XP level 4. HP: 48/49 MP: 3/3
    32 | D        | Reached XP level 5. HP: 55/56 MP: 4/4
    47 | D        | Found a snail-covered altar of Cheibriados.
    47 | D        | Found a shadowy altar of Dithmenos.
    47 | D        | Found a white marble altar of Elyvilon.
    47 | D        | Found a blossoming altar of Fedhas.
    47 | D        | Found an opulent altar of Gozag.
    48 | D        | Found a hazy altar of Hepliaklqana.
    49 | D        | Found a viscous altar of Jiyva.
    50 | D        | Found an ancient bone altar of Kikubaaqudgha.
    51 | D        | Found a corrupted altar of Lugonu.
    52 | D        | Found a burning altar of Makhleb.
    53 | D        | Found a sparkling altar of Nemelex Xobeh.
    54 | D        | Found an iron altar of Okawaru.
    55 | D        | Found a stormy altar of Qazlal.
    56 | D        | Found a sacrificial altar of Ru.
    57 | D        | Found a shimmering blue altar of Sif Muna.
    58 | D        | Found a bloodstained altar of Trog.
    59 | D        | Found a hide-covered altar of Uskayaw.
    60 | D        | Found a radiant altar of Vehumet.
    61 | D        | Found an ornate altar of the Wu Jian Council.
    62 | D        | Found a shimmering altar of Xom.
    63 | D        | Found a basalt altar of Yredelemnul.
    64 | D        | Found a glowing silver altar of Zin.
    65 | D        | Found a glowing golden altar of the Shining One.
    73 | D        | Found the +8 arc blade {discharge, rElec}
   319 | D        | Noticed a two-headed ogre
   319 | D        | Noticed a troll
   319 | D        | Noticed a yak
   319 | D        | Noticed a hornet
   319 | D        | Noticed a vampire
   333 | D        | Killed a vampire
   333 | D        | Reached **** piety under Trog
   334 | D        | Reached skill level 10 in Fighting
   334 | D        | Reached skill level 10 in Maces & Flails
   334 | D        | Reached skill level 5 in Armour
   334 | D        | Reached skill level 5 in Dodging
   334 | D        | Reached XP level 6. HP: 55/67 MP: 5/5
   335 | D        | Killed a hornet
   336 | D        | Reached skill level 11 in Maces & Flails
   339 | D        | Killed a yak
   340 | D        | Reached XP level 7. HP: 65/78 MP: 6/6
   344 | D        | Killed an unseen horror
   345 | D        | Reached skill level 12 in Maces & Flails
   347 | D        | Killed a troll
   348 | D        | Reached skill level 13 in Maces & Flails
   348 | D        | Reached skill level 1 in Stealth
   348 | D        | Reached XP level 8. HP: 54/86 MP: 7/7
   350 | D        | Killed a two-headed ogre
   350 | D        | Reached ***** piety under Trog
   351 | D        | Reached skill level 14 in Maces & Flails
   670 | D        | Noticed a cyclops
   670 | D        | Noticed a centaur warrior
   678 | D        | Killed a centaur warrior
   679 | D        | Reached skill level 15 in Fighting
   679 | D        | Reached skill level 15 in Maces & Flails
   679 | D        | Reached XP level 9. HP: 100/100 MP: 8/8
   687 | D        | Killed a cyclops
   687 | D        | Received a gift from Trog
   688 | D        | Reached skill level 16 in Maces & Flails
   869 | D        | Acquired a manual of Shields
   873 | D        | Noticed a cane toad
   873 | D        | Noticed a komodo dragon
   873 | D        | Noticed a black mamba
   874 | D        | Noticed a komodo dragon
   876 | D        | Noticed a rime drake
   877 | D        | Killed a black mamba
   878 | D        | Reached skill level 10 in Dodging
   880 | D        | Noticed a six-headed hydra
   882 | D        | Killed a komodo dragon
   883 | D        | Reached skill level 10 in Armour
   886 | D        | Reached XP level 10. HP: 110/110 MP: 9/9
   886 | D        | Killed a cane toad
   887 | D        | Reached skill level 17 in Maces & Flails
   891 | D        | Killed a six-headed hydra
   891 | D        | Reached ****** piety under Trog
   895 | D        | Received a gift from Trog
   896 | D        | Reached skill level 18 in Maces & Flails
  1072 | D        | Noticed an oklob plant
  1075 | D        | Noticed a cane toad
  1084 | D        | Killed an oklob plant
  1086 | D        | Received a gift from Trog
  1094 | D        | Killed a cane toad
  1096 | D        | Reached skill level 19 in Maces & Flails
  1279 | D        | Noticed a lindwurm
  1279 | D        | Noticed a lindwurm
  1283 | D        | Killed a lindwurm
  1283 | D        | Received a gift from Trog
  1284 | D        | Reached XP level 11. HP: 121/121 MP: 10/10
  1284 | D        | Noticed a lindwurm
  1289 | D        | Killed a lindwurm
  1305 | D        | Killed a lindwurm
  1526 | D        | Noticed Josephine
  1530 | D        | Received a gift from Trog
  1531 | D        | Reached skill level 20 in Maces & Flails
  1536 | D        | Killed Josephine
  1594 | D        | Noticed an orc knight
  1600 | D        | Received a gift from Trog
  1603 | D        | Killed an orc knight
  1605 | D        | Noticed an orc knight
  1626 | D        | Killed an orc knight
  1627 | D        | Reached skill level 21 in Maces & Flails
  1628 | D        | Received a gift from Trog
  2008 | D        | Noticed an orc high priest
  2008 | D        | Noticed an orc high priest
  2008 | D        | Noticed an orc knight
  2016 | D        | Killed an orc knight
  2029 | D        | Paralysed by a chaos spawn for 5 turns
  2038 | D        | Killed an orc high priest
  2039 | D        | Noticed an orc high priest
  2039 | D        | HP: 5/124 [orc high priest/+0 glaive (12)]
  2043 | D        | Slain by an orc high priest

Illustrated notes

Levels and vault maps discovered:
D:        linesprint [early_d, line_temple, items_1, d_10, items_2, lair_1,
          lair_end, items_3, orc_1, orc_end, items_4, d_15, swamp_1, shoals_1,
          snake_1, spider_1, d_20, vaults_1, items_5, swamp_end, shoals_end,
          snake_end, spider_end, vaults_end, d_27, items_6, zot_1, zot_end,
          crypt_end, forest_end, elf_end, slime_end, tomb_end, abyss_end,
          pan_hell_end]

Skill      XL: |  1  2  3  4  5  6  7  8  9 10 11 |
---------------+----------------------------------+-----
Fighting       | 6 8 10 12 13 15 16 18 20 | 20.1
Maces & Flails | 5 8 10 11 13 15 16 19 21 | 21.3
Armour         | 3 4 5 6 7 9 10 11 13 | 13.7
Dodging        | 3 4 5 6 7 9 10 11 | 11.5
Stealth        | 1 2 |  2.4

Action                   |  1- 3 |  4- 6 |  7- 9 | 10-12 || total
-------------------------+-------+-------+-------+-------++-------
Melee: Mace              |    19 |     6 |       |       ||    25
       Headbutt          |     2 |     2 |    12 |    28 ||    44
       Dire flail        |       |    18 |    31 |       ||    49
       Great mace        |       |       |    10 |   113 ||   123
Invok: Berserk           |     1 |     1 |     2 |     4 ||     8
       Brothers in Arms  |       |       |       |     1 ||     1
  Use: Scroll            |       |       |     1 |       ||     1
       Potion            |       |       |       |     3 ||     3
Armor: Animal skin       |     3 |     1 |       |       ||     4
       Scale mail        |       |     6 |    12 |    15 ||    33
       Plate armour      |       |       |       |     6 ||     6
Dodge: Dodged            |    13 |     7 |     7 |    45 ||    72
